 Dungeon Crawl Stone Soup version 0.30-b1-2-g02819fbbbe (webtiles) character file.

Game seed: 2522310097586581847

7104 manyhoops the Nimble (level 10, 0/81 HPs)
             Began as a Demigod Earth Elementalist on Nov 21, 2023.
             Slain by a boulder beetle (18 damage)
             ... on level 9 of the Dungeon.
             The game lasted 00:17:43 (10323 turns).

manyhoops the Nimble (Demigod Earth Elementalist)  Turns: 10323, Time: 00:17:43

Health: 0/81       AC:  5    Str:  9    XL:     10   Next: 55%
Magic:  0/22       EV: 15    Int: 33    God:
Gold:   259        SH:  6    Dex: 14    Spells: 14/20 levels left

rFire   + + +        g - +7 flail
rCold   + + .        E - +1 buckler {rC+ rF+}
rNeg    . . .        a - +0 robe
rPois   .            e - +0 helmet
rElec   .            t - scarf of Love and Death {rC+ rF+, +Inv Int+4}
rCorr   .            l - +0 pair of gloves
SInv    .            s - +0 pair of boots
Will    +....        x - amulet of the acrobat
Stlth   +++          D - ring of protection from fire
HPRegen 0.33/turn    (no ring)
MPRegen 0.18/turn

%: acrobat
@: no status effects
A: high MP 1, forlorn, divine attributes
a: Evoke Invisibility


You were on level 9 of the Dungeon.
You visited 1 branch of the dungeon, and saw 9 of its levels.

You collected 487 gold pieces.
You spent 228 gold pieces at shops.

Inventory:

Hand Weapons
 g - a +7 flail (weapon)
Armour
 a - a +0 robe (worn)
 e - a +0 helmet (worn)
 l - a +0 pair of gloves (worn)
 s - a +0 pair of boots (worn)
 t - the scarf of Love and Death (worn) {rC+ rF+, +Inv Int+4}
   (You acquired it on level 6 of the Dungeon)

   Int:       It affects your intelligence (+4).
   +Inv:      It lets you turn invisible.
 E - a +1 buckler of resistance (worn)
Jewellery
 x - an amulet of the acrobat (around neck)
 D - a ring of protection from fire (left hand)
Wands
 p - a wand of charming (5)
 G - a wand of flame (15)
Scrolls
 c - 2 scrolls of vulnerability
 d - 3 scrolls of fog
 f - a scroll of magic mapping
 k - a scroll of enchant armour
 m - 2 scrolls of amnesia
 o - 3 scrolls of noise
 r - 3 scrolls of poison
 u - 3 scrolls of immolation
 v - a scroll of butterflies
 w - 5 scrolls of teleportation
 y - 2 scrolls of torment
 H - a scroll of blinking {unknown}
 I - 2 scrolls of identify
Potions
 b - a potion of magic
 h - 3 potions of curing
 i - 2 potions of attraction
 n - a potion of flight
 q - a potion of might
 z - a potion of cancellation {unknown}
 A - 2 potions of resistance {unknown}
 C - a potion of ambrosia {unknown}
 F - a potion of haste {unknown}
 J - a potion of degeneration {unknown}
 K - a potion of invisibility {unknown}


   Skills:
 - Level 5.0 Fighting
 - Level 8.3 Dodging
 - Level 4.9 Stealth
 - Level 5.5 Shields
 - Level 5.8 Spellcasting
 - Level 0.8 Transmutations
 - Level 6.2 Earth Magic
 + Level 4.8 Evocations


You had 14 spell levels left.
You knew the following spells:

 Your Spells              Type           Power      Damage    Failure   Level
a - Sandblast             Erth           100%       2d20      1%          1
b - Passwall              Tmut/Erth      26%        N/A       2%          2
c - Stone Arrow           Conj/Erth      60%        3d10      5%          3

Your spell library contained the following spells:

 Spells                   Type           Power      Damage    Failure   Level
 Kiss of Death            Conj/Necr      36%        2d8       6%          1
 Poisonous Vapours        Pois/Air       18%        N/A       10%         2
 Petrify                  Tmut/Erth      32%        N/A       14%         4
 Confusing Touch          Hex            9%         N/A       19%         3
 Mephitic Cloud           Conj/Pois/Air  9%         N/A       19%         3
 Dispel Undead            Necr           9%         3d8       52%         4
 Freezing Cloud           Conj/Ice/Air   4%         6-21      86%         5


Dungeon Overview and Level Annotations

Branches:
Dungeon (9/15)             Temple (0/1) D:6            Lair (0/5) D:9
    Orc: D:9-12

Shops:
D:5 ?   D:6 ?   D:7 :   D:9 [


Innate Abilities, Weirdness & Mutations

You have an increased reservoir of magic. (+10% MP)
You shall have no god before yourself.
Your divine heritage dramatically boosts your attributes as you level up.


Message History

Casting: Stone Arrow (dangerous; 5% risk of failure)
Confirm with . or Enter, or press ? or * to list all spells.
Aiming: Stone Arrow (dangerous; 5% risk of failure)
Press: ? - help, Shift-Dir - straight line, f/p - boulder beetle
Aim: a boulder beetle (severely wounded, 100% to hit)
The stone arrow hits the boulder beetle.
The boulder beetle is severely wounded.
The boulder beetle bites you!!
Unknown command.
Casting: Stone Arrow (dangerous; 5% risk of failure)
Confirm with . or Enter, or press ? or * to list all spells.
Aiming: Stone Arrow (dangerous; 5% risk of failure)
Press: ? - help, Shift-Dir - straight line, f/p - boulder beetle
Aim: a boulder beetle (severely wounded, 100% to hit)
The stone arrow hits the boulder beetle but does no damage.
The boulder beetle is severely wounded.
The boulder beetle bites you but does no damage.
Unknown command.
Casting: Stone Arrow (dangerous; 5% risk of failure)
Confirm with . or Enter, or press ? or * to list all spells.
Aiming: Stone Arrow (dangerous; 5% risk of failure)
Press: ? - help, Shift-Dir - straight line, f/p - boulder beetle
Aim: a boulder beetle (severely wounded, 100% to hit)
The stone arrow hits the boulder beetle!
The boulder beetle is almost dead.
The boulder beetle bites you!
Unknown command.
Casting: Stone Arrow (dangerous; 5% risk of failure)
Confirm with . or Enter, or press ? or * to list all spells.
Aiming: Stone Arrow (dangerous; 5% risk of failure)
Press: ? - help, Shift-Dir - straight line, f/p - boulder beetle
Aim: a boulder beetle (almost dead, 100% to hit)
The stone arrow hits the boulder beetle.
The boulder beetle is almost dead.
The boulder beetle bites you!!
* * * LOW HITPOINT WARNING * * *
Okay, then.
Okay, then.
You feel better. The boulder beetle bites you!!
You die...

#......##[####'###....
#...####.........#....
#...#............#....
#...#........#####....
#...#........#........
#...#........#........
#...#........#.#####.#
#######...#..<###..#.# #.#
#.........#@#'#.#..#.# #.#
#.........B.....####.# #.#
#....................# #.#
#....................# #.'
#....................# #.#
#......###...........# #.#
#.#...##............(#####.#
##...#.#....#................
#.....[#....#................


You could see a boulder beetle.

Vanquished Creatures
  A boulder beetle (D:9)
  A manticore (D:9)
  Joseph (D:7)
  An unseen horror (D:7)
  A hornet (D:9)
  Prince Ribbit (D:6)
  2 wyverns
  2 steam dragons (D:7)
  11 yaks
  Menkaure (D:6)
  5 orc warriors
  2 sky beasts
  3 centaurs
  2 phantoms
  A kobold brigand (D:8)
  2 scorpions
  4 bullfrogs
  4 wights (D:7)
  11 killer bees
  2 howler monkeys (D:9)
  2 hounds
  A jelly (D:5)
  3 orc priests
  Crazy Yiuf (D:4)
  4 iguanas
  6 orc wizards
  Robin (D:4)
  9 adders
  3 gnolls (D:4)
  A shadow imp (D:6)
  2 white imps (D:5)
  2 ufetubi
  3 worms
  3 dart slugs
  28 orcs
  10 ball pythons
  6 endoplasms
  3 giant cockroaches
  5 hobgoblins
  12 jackals
  A quokka (D:1)
  8 bats
  2 frilled lizards
  20 goblins
  11 kobolds
  9 rats
214 creatures vanquished.

Vanquished Creatures (others)
  6 fungi
  10 plants
16 creatures vanquished.

Grand Total: 230 creatures vanquished

Notes
Turn   | Place    | Note
-------+----------+-------------------------------------------
     0 | D:1      | manyhoops the Demigod Earth Elementalist began the quest
                  | for the Orb.
     0 | D:1      | Reached XP level 1. HP: 14/14 MP: 5/5
   290 | D:1      | Reached XP level 2. HP: 15/20 MP: 0/7
  1111 | D:2      | Reached XP level 3. HP: 26/26 MP: 7/9
  1136 | D:2      | You fall into a shaft and drop 2 floors!
  1153 | D:4      | Noticed a phantom
  1161 | D:4      | Killed a phantom
  1162 | D:4      | Reached XP level 4. HP: 26/33 MP: 2/11
  1386 | D:4      | Found a runed translucent door.
  1389 | D:4      | Noticed Crazy Yiuf
  1482 | D:4      | Learned a level 2 spell: Passwall
  1486 | D:4      | Learned a level 3 spell: Stone Arrow
  1705 | D:4      | Noticed Robin
  1750 | D:4      | Killed Robin
  1751 | D:4      | Reached XP level 5. HP: 23/38 MP: 3/13
  2880 | D:2      | Reached XP level 6. HP: 44/45 MP: 12/15
  3000 | D:3      | Reached skill level 5 in Earth Magic
  3866 | D:4      | Killed Crazy Yiuf
  4028 | D:5      | Entered Level 5 of the Dungeon
  4236 | D:5      | Found Ciusmaesikh's Magic Scroll Emporium.
  4244 | D:5      | Bought a scroll of identify for 22 gold pieces
  4244 | D:5      | Bought a scroll of teleportation for 33 gold pieces
  4244 | D:5      | Bought a scroll of identify for 22 gold pieces
  4244 | D:5      | Bought a scroll of noise for 11 gold pieces
  4263 | D:5      | Reached skill level 5 in Spellcasting
  4263 | D:5      | Reached XP level 7. HP: 44/50 MP: 12/18
  4887 | D:6      | Reached skill level 2 in Dodging
  5021 | D:6      | Reached skill level 1 in Fighting
  5187 | D:6      | Reached skill level 3 in Dodging
  5238 | D:6      | Noticed Prince Ribbit
  5245 | D:6      | Killed Prince Ribbit
  5246 | D:6      | Reached skill level 4 in Dodging
  5307 | D:6      | Reached XP level 8. HP: 62/62 MP: 16/19
  5397 | D:6      | Reached skill level 5 in Dodging
  5424 | D:6      | Noticed Menkaure
  5430 | D:6      | Killed Menkaure
  5634 | D:6      | Found Volurac's Magic Scroll Emporium.
  5637 | D:6      | Bought a scroll of fear for 56 gold pieces
  5637 | D:6      | Bought a scroll of identify for 28 gold pieces
  5637 | D:6      | Bought a scroll of identify for 28 gold pieces
  5637 | D:6      | Bought a scroll of identify for 28 gold pieces
  5637 | D:6      | Identified a scroll of acquirement
  5638 | D:6      | Acquired the scarf of Love and Death {rC+ rF+, +Inv Int+4}
  5779 | D:6      | Found a staircase to the Ecumenical Temple.
  5893 | D:7      | Found Tuleong's Book Shop.
  5933 | D:7      | Noticed Joseph
  5942 | D:7      | Killed Joseph
  5943 | D:7      | Reached skill level 6 in Dodging
  5966 | D:7      | Killed an unseen horror
  5967 | D:7      | Reached XP level 9. HP: 45/71 MP: 6/20
  6267 | D:7      | Reached skill level 7 in Dodging
  7480 | D:8      | Reached skill level 8 in Dodging
  7540 | D:8      | Reached skill level 5 in Fighting
  7837 | D:8      | Acquired a +1 buckler of resistance
  7876 | D:9      | Found a staircase to the Lair.
  7907 | D:9      | Reached skill level 1 in Shields
  8175 | D:9      | Found Iskur's Antique Armour Shop.
  8269 | D:8      | Noticed a rust devil
  8269 | D:8      | Noticed a rust devil
  8274 | D:9      | Noticed a manticore
  8628 | D:9      | Noticed a boulder beetle
  8694 | D:9      | Killed a manticore
  8695 | D:9      | Reached XP level 10. HP: 29/81 MP: 5/21
  8865 | D:9      | Noticed a boulder beetle
  8908 | D:8      | Reached skill level 5 in Shields
  9589 | D:9      | Killed a boulder beetle
 10323 | D:9      | Slain by a boulder beetle

Illustrated notes

Levels and vault maps discovered:
D:1:      saegor_arrival_simple_c, layout_loops_ring
D:2:      layout_basic, minmay_tetromino_l4
D:3:      layout_loops_corners, ebering_ecumenical_altar_rust,
          grunt_ministairs_9, chequers_avenue, corexii_item_surrounded_by_moat
D:4:      wad_lake_hut, layout_loops_ring, nicolae_dithmenos_the_darkroom,
          uniq_crazy_yiuf_cottage, uniq_robin
D:5:      layout_rooms, nicolae_overflow_hidden_temple, serial_shops, shop
D:6:      layout_rooms, minmay_temple_entry_enclosed_plants, serial_shops,
          nicolae_shop_rolled_up, uniq_menkaure, uniq_prince_ribbit1
D:7:      kennysheep_steamy, layout_basic, mainiacjoe_overflow_boulevard,
          serial_shops, nicolae_diamond_shop, uniq_joseph
D:8:      cheibrodos_iron_armory, layout_cave_pods
D:9:      layout_irregular_city, nicolae_sif_muna_condensation,
          dpeg_oklobed_lair, serial_shops, shop, dreamdust_wishing_well,
          minmay_bent

Skill      XL: |  1  2  3  4  5  6  7  8  9 10 |
---------------+-------------------------------+-----
Earth Magic    | 3 4 5 6 |  6.2
Spellcasting   | 2 3 4 5 |  5.8
Dodging        | 4 6 8 |  8.3
Stealth        | 2 4 |  4.9
Fighting       | 2 4 5 |  5.0
Shields        | 4 5 |  5.5
Evocations     | 4 |  4.8
Transmutations | |  0.8

Action                     |  1- 3 |  4- 6 |  7- 9 | 10-12 || total
---------------------------+-------+-------+-------+-------++-------
  Melee: Flail             |       |    38 |    19 |     6 ||    63
         Mace              |       |     1 |       |       ||     1
         Punch             |       |       |     1 |       ||     1
   Cast: Sandblast         |    46 |    89 |   144 |    24 ||   303
         Stone Arrow       |       |       |    29 |    46 ||    75
  Evoke: Wand              |       |       |       |     9 ||     9
    Use: Scroll            |       |     6 |    14 |       ||    20
         Potion            |       |     1 |     2 |     1 ||     4
   Stab: Sleeping          |       |     3 |       |       ||     3
 Armour: Robe              |     6 |    19 |    47 |     6 ||    78
  Dodge: Dodged            |    26 |    43 |   137 |    24 ||   230
  Block: Buckler           |       |       |    14 |     9 ||    23
